 Dungeon Crawl Stone Soup version 0.23.2-11-gf996548c65 (webtiles) character file.

Game seed: 3763988369370041551

74 PentaManta the Shield-Bearer (level 4, -7/31 HPs)
             Began as an Octopode Fighter on June 3, 2019.
             Mangled by a gnoll
             ... wielding a +0 spear
              (11 damage)
             ... on level 2 of the Dungeon.
             The game lasted 00:01:56 (1248 turns).

PentaManta the Shield-Bearer (Octopode Fighter)     Turns: 1248, Time: 00:01:57

Health: -7/31      AC:  1    Str: 15    XL:     4   Next: 28%
Magic:  4/4        EV: 12    Int: 10    God:
Gold:   61         SH:  9    Dex: 12    Spells: 3/3 levels left

rFire    . . .     SeeInvis .   f - +0 hand axe
rCold    . . .     Gourm    .   b - +0 shield
rNeg     . . .     Faith    .   (helmet restricted)
rPois    .         Spirit   .   (no amulet)
rElec    .         Reflect  .   (no ring)
rCorr    .         Harm     .   (no ring)
MR       .....                  (no ring)
Stlth    ++........             (no ring)
HPRegen  0.10/turn              (no ring)
MPRegen  0.09/turn              (no ring)
                                (no ring)
                                (no ring)

@: no status effects
A: almost no armour, stealthy swim, amphibious, 8 rings, constrict 8, camouflage
1, gelatinous body 1
a: no special abilities


You were on level 2 of the Dungeon.
You were very hungry.

You visited 1 branch of the dungeon, and saw 2 of its levels.

You collected 61 gold pieces.

Inventory:

Hand Weapons
 a - a +0 war axe
 f - a +0 hand axe (weapon)
Missiles
 o - a throwing net (quivered)
Armour
 b - a +0 shield (worn)
Jewellery
 n - an uncursed ring of protection from cold {unknown}
Scrolls
 h - a scroll of identify {unknown}
 l - a scroll of remove curse {unknown}
 p - a scroll of blinking {unknown}
Potions
 c - a potion of might
 e - a potion of curing {unknown}
 g - a potion of experience {unknown}
 i - a potion of haste {unknown}
 j - a potion of invisibility {unknown}
 k - a potion of cancellation {unknown}
 m - a potion of agility {unknown}
Comestibles
 d - 4 rations


   Skills:
 - Level 3.0 Fighting
 * Level 3.2 Axes
 + Level 3.4 Dodging
 * Level 3.9 Shields


You had 3 spell levels left.
You didn't know any spells.
Your spell library was empty.

Dungeon Overview and Level Annotations

Branches:
Dungeon (2/15)

Altars:


Innate Abilities, Weirdness & Mutations

You cannot wear most types of armour.
You are very stealthy in the water. (Stealth+)
You are amphibious.
You can wear up to eight rings at the same time.
You can use your tentacles to constrict eight enemies at once.
Your skin changes colour to match your surroundings (Stealth+).
Your rubbery body absorbs attacks. (AC +1, EV +1)


Message History

You barely miss the gnoll. You grab the gnoll. You hit the gnoll.
You kill the gnoll!
You have reached level 4!
You constrict the gnoll. The gnoll hits you with a +0 whip.
* * * LOW HITPOINT WARNING * * *
You block the gnoll's attack.
You release your grip on the gnoll.
You hit the gnoll. Your grab misses the gnoll.
You squeeze the gnoll, but do no damage.
The gnoll is heavily wounded.
The gnoll barely misses you. You block the gnoll's attack.
You barely miss the gnoll. You grab the gnoll.
The gnoll is heavily wounded.
You constrict the gnoll. The gnoll misses you. The gnoll completely misses you.
You hit the gnoll. You squeeze the gnoll.
The gnoll is almost dead.
You constrict the gnoll.
You kill the gnoll!
The gnoll hits you from afar with a +0 spear!
You die...

#.....(............
#.....).(.....#####
#.!.###......##
#...# #......#
....## #......#
..##$# #......###
.. #.# #..g.......
#..)..##### #..@..#
#.....# #.....#
#.....# #######


You could see a gnoll.

Vanquished Creatures
  3 gnolls (D:2)
  An ooze (D:2)
  A worm (D:2)
  A dart slug (D:1)
  2 leopard geckos (D:1)
  A giant cockroach (D:1)
  4 goblins (D:1)
  3 hobgoblins
  6 bats (D:1)
  3 frilled lizards
  4 kobolds (D:1)
  7 rats (D:1)
36 creatures vanquished.

Notes
Turn   | Place    | Note
-------+----------+-------------------------------------------
     0 | D:1      | PentaManta the Octopode Fighter began the quest for the
                  | Orb.
     0 | D:1      | Reached XP level 1. HP: 16/16 MP: 1/1
   167 | D:1      | Reached XP level 2. HP: 21/21 MP: 2/2
   418 | D:1      | Reached XP level 3. HP: 22/26 MP: 3/3
  1239 | D:2      | Reached XP level 4. HP: 9/31 MP: 4/4
  1248 | D:2      | Mangled by a gnoll

Skill      XL: |  1  2  3 |
---------------+----------+-----
Axes           | 3 |  3.2
Fighting       | |  3.0
Dodging        | |  3.4
Shields        | |  3.9

Action                   |  1- 3 |  4- 6 || total
-------------------------+-------+-------++-------
Melee: War axe           |    25 |       ||    25
       Constrict         |    18 |     1 ||    19
       Tentacles         |    10 |     2 ||    12
       Hand axe          |    43 |     3 ||    46
 Stab: Sleeping          |     7 |       ||     7
Armor: Skin              |     5 |       ||     5
Dodge: Dodged            |    33 |     3 ||    36
Block: Shield            |    28 |     2 ||    30
